 Dungeon Crawl Stone Soup version 0.23.2 (webtiles) character file.

Game seed: 18041908427232010773

125 Firecrotchwizard the Shield-Bearer (level 5, -1/40 HPs)
             Began as a Gnoll Wanderer on Mar 31, 2019.
             Slain by a phantom (5 damage)
             ... on level 4 of the Dungeon.
             The game lasted 00:03:19 (1402 turns).

Firecrotchwizard the Shield-Bearer (Gnoll Wanderer) Turns: 1402, Time: 00:03:20

Health: -1/40      AC:  6    Str: 15    XL:     5   Next: 9%
Magic:  2/9        EV: 11    Int: 15    God:
Gold:   24         SH:  0    Dex: 14    Spells: 5/10 levels left

rFire    . . .     SeeInvis .   h - +0 hand axe
rCold    . . .     Gourm    .   (no shield)
rNeg     . . .     Faith    .   b - +0 ring mail
rPois    .         Spirit   .   (no helmet)
rElec    .         Reflect  .   (no cloak)
rCorr    .         Harm     .   (no gloves)
MR       .....                  (no boots)
Stlth    +.........             (no amulet)
HPRegen  0.13/turn              (no ring)
MPRegen  0.11/turn              (no ring)

@: very slightly contaminated
A: distributed training, fangs 1, strong nose
a: no special abilities


You were on level 4 of the Dungeon.
You were very hungry.

You visited 1 branch of the dungeon, and saw 3 of its levels.

You collected 24 gold pieces.

Inventory:

Hand Weapons
 h - a +0 hand axe (weapon)
   (You found it on level 1 of the Dungeon)
Armour
 b - a +0 ring mail (worn)
Scrolls
 a - a scroll of enchant armour {unknown}
 e - a scroll of noise {unknown}
 g - a scroll of blinking {unknown}
 i - a scroll of remove curse {unknown}
 k - a scroll of identify {unknown}
Potions
 c - a potion of curing
 d - a potion of flight {unknown}
 j - a potion of haste {unknown}
Comestibles
 f - a ration


   Skills:
 + Level 2.8 Fighting
 + Level 1.3 Short Blades
 + Level 1.3 Long Blades
 + Level 4.7 Axes
 + Level 1.3 Maces & Flails
 + Level 1.3 Polearms
 + Level 1.3 Staves
 + Level 1.3 Slings
 + Level 1.3 Bows
 + Level 1.3 Crossbows
 + Level 1.3 Throwing
 + Level 4.7 Armour
 + Level 1.3 Dodging
 + Level 1.3 Stealth
 + Level 4.7 Shields
 + Level 1.3 Unarmed Combat
 + Level 3.1 Spellcasting
 + Level 3.9 Conjurations
 + Level 1.0 Hexes
 + Level 1.0 Charms
 + Level 1.0 Summonings
 + Level 1.0 Necromancy
 + Level 1.0 Translocations
 + Level 1.0 Transmutations
 + Level 1.0 Fire Magic
 + Level 1.0 Ice Magic
 + Level 1.0 Air Magic
 + Level 1.0 Earth Magic
 + Level 1.0 Poison Magic
 + Level 1.4 Invocations
 + Level 1.3 Evocations


You had 5 spell levels left.
You knew the following spells:

 Your Spells              Type           Power        Failure   Level  Hunger
a - Magic Dart            Conj           ##..         8%          1    #......
b - Blink                 Tloc           N/A          34%         2    ##.....
c - Call Imp              Summ           #.......     34%         2    ##.....

Your spell library contained the following spells:

 Spells                   Type           Power        Failure   Level  Hunger
 Slow                     Hex            #.......     34%         2    ##.....
 Conjure Flame            Conj/Fire      #.......     36%         3    ###....
 Mephitic Cloud           Conj/Pois/Air  #.......     43%         3    ###....


Dungeon Overview and Level Annotations

Branches:
Dungeon (2/15)

Altars:


Innate Abilities, Weirdness & Mutations

Your experience applies equally to all skills.
You have very sharp teeth.
Your uncanny sense of smell can sniff out nearby items.


Message History

You see here a robe.
A phantom comes into view.
A phantom is nearby!
You hit the phantom. The phantom hits you.
The phantom blinks!
You take 3 damage, and have 37/40 hp.
The phantom hits you but does no damage.
You hit the phantom. You bite the phantom, but do no damage.
The phantom hits you.
You take 1 damage, and have 36/40 hp.
You hit the phantom. Your punch misses the phantom.
You bite the phantom, but do no damage. The phantom hits you! x2
You take 15 damage, and have 21/40 hp.
MASSIVE DAMAGE!!
You are too injured to fight recklessly!
You are too injured to fight recklessly!
You are too injured to fight recklessly!
You hit the phantom. The phantom hits you.
The phantom blinks!
You take 3 damage, and have 18/40 hp.
The phantom hits you but does no damage.
You hit the phantom but do no damage. The phantom hits you.
You take 4 damage, and have 15/40 hp.
You hit the phantom. The phantom barely misses you.
The phantom blinks!
Aim: a phantom (moderately damaged)
The magic dart hits the phantom but does no damage.
You now have 8/9 mp.
Aim: a phantom (lightly damaged)
The magic dart hits the phantom.
You now have 7/9 mp.
Aim: a phantom (moderately damaged)
The magic dart hits the phantom.
You now have 6/9 mp.
Aim: a phantom (moderately damaged)
The magic dart hits the phantom.
You now have 5/9 mp.
A beastly little devil appears in a puff of flame.
The phantom hits you but does no damage.
You now have 3/9 mp.
You are too injured to fight recklessly!
You hit the phantom but do no damage. The phantom closely misses you.
You barely miss the phantom.
The phantom blinks!
The phantom blinks!
Your crimson imp hits the phantom but does no damage.
The phantom hits your crimson imp but does no damage.
Your crimson imp misses the phantom.
The phantom barely misses your crimson imp.
Your crimson imp barely misses the phantom.
The phantom completely misses your crimson imp.
Your crimson imp blinks!
You barely miss the phantom. Your bite misses the phantom.
The phantom misses you.
You hit the phantom.
The phantom blinks!
Your crimson imp blinks!
The phantom blinks!
You swap places.
Your crimson imp disappears in a puff of smoke!
The phantom hits you but does no damage.
You see here a ration.
You barely miss the phantom. You bite the phantom. The phantom misses you.
You hit the phantom. Your bite misses the phantom.
The phantom hits you but does no damage.
You miscast Call Imp.
You are very lightly contaminated with residual magic.
Strange energies run through your body.
The phantom hits you but does no damage.
You now have 4/9 mp.
You miscast Call Imp.
Nothing appears to happen.
The phantom hits you.
You take 1 damage, and have 18/40 hp.
You now have 2/9 mp.
A beastly little devil appears in a puff of flame.
Your crimson imp says, "Let's sow mayhem!"
You are feeling very hungry.
The phantom barely misses you.
You now have 0/9 mp.
You hit the phantom but do no damage. The phantom completely misses you.
Your crimson imp closely misses the phantom.
You hit the phantom. The phantom hits you!
* * * LOW HITPOINT WARNING * * *
Your crimson imp closely misses the phantom.
You take 7 damage, and have 11/40 hp.
You hit the phantom but do no damage. The phantom misses you.
Your crimson imp blinks!
You slash the phantom! You bite the phantom, but do no damage.
The phantom hits you.
* * * LOW HITPOINT WARNING * * *
The phantom blinks!
You take 2 damage, and have 9/40 hp.
The phantom blinks!
Your crimson imp blinks!
You miss the phantom.
The phantom blinks!
The phantom blinks!
You swap places.
You closely miss the phantom.
Your crimson imp disappears in a puff of smoke!
The phantom hits you!
* * * LOW HITPOINT WARNING * * *
You take 7 damage, and have 3/40 hp.
You miss the phantom.
The phantom hits you but does no damage.
You hit the phantom. The phantom hits you.
You die...

########## ###############
.........#####...ยง..........
########......%.@###########
# #######.#W# # #.#.# # #..
..#.# # #.# ##.#.# # #.#
#.#.# # #.# #.#.# ###.# #.#.#
.##.#


You could see a phantom.

Vanquished Creatures
  An ogre (D:4)
  An orc (D:4)
  3 bats
  2 giant cockroaches (D:1)
  4 goblins
  9 hobgoblins
  5 jackals (D:1)
  3 ball pythons
  2 frilled lizards
  3 kobolds (D:1)
  A quokka skeleton (D:4)
  2 rats (D:1)
36 creatures vanquished.

Notes
Turn   | Place    | Note
-------+----------+-------------------------------------------
     0 | D:1      | Firecrotchwizard the Gnoll Wanderer began the quest for the
                  | Orb.
     0 | D:1      | Firecrotchwizard set off with the following items: a +0
                  | club, a +0 ring mail, a potion of curing, a ration; and the
                  | following spell memorised: Magic Dart; and the following
                  | spells available to memorise: Conjure Flame, Blink, Call
                  | Imp, Slow, Mephitic Cloud
     0 | D:1      | Reached XP level 1. HP: 17/17 MP: 4/4
    63 | D:1      | Reached XP level 2. HP: 7/23 MP: 5/5
   282 | D:1      | Learned a level 2 spell: Blink
   285 | D:1      | Learned a level 2 spell: Call Imp
   603 | D:1      | Reached XP level 3. HP: 28/28 MP: 7/7
  1008 | D:2      | Reached skill level 1 in Invocations
  1029 | D:2      | You fall through a shaft for 2 floors!
  1029 | D:4      | Noticed an ogre
  1040 | D:4      | HP: 6/28 [ogre/+0 giant club (14)]
  1042 | D:4      | Killed an ogre
  1042 | D:4      | Reached skill level 1 in Short Blades
  1042 | D:4      | Reached skill level 1 in Long Blades
  1042 | D:4      | Reached skill level 1 in Maces & Flails
  1042 | D:4      | Reached skill level 1 in Polearms
  1042 | D:4      | Reached skill level 1 in Staves
  1042 | D:4      | Reached skill level 1 in Slings
  1042 | D:4      | Reached skill level 1 in Bows
  1042 | D:4      | Reached skill level 1 in Crossbows
  1042 | D:4      | Reached skill level 1 in Throwing
  1042 | D:4      | Reached skill level 1 in Dodging
  1042 | D:4      | Reached skill level 1 in Stealth
  1042 | D:4      | Reached skill level 1 in Unarmed Combat
  1042 | D:4      | Reached skill level 3 in Spellcasting
  1042 | D:4      | Reached skill level 1 in Hexes
  1042 | D:4      | Reached skill level 1 in Charms
  1042 | D:4      | Reached skill level 1 in Summonings
  1042 | D:4      | Reached skill level 1 in Necromancy
  1042 | D:4      | Reached skill level 1 in Translocations
  1042 | D:4      | Reached skill level 1 in Transmutations
  1042 | D:4      | Reached skill level 1 in Fire Magic
  1042 | D:4      | Reached skill level 1 in Ice Magic
  1042 | D:4      | Reached skill level 1 in Air Magic
  1042 | D:4      | Reached skill level 1 in Earth Magic
  1042 | D:4      | Reached skill level 1 in Poison Magic
  1042 | D:4      | Reached skill level 1 in Evocations
  1042 | D:4      | Reached XP level 4. HP: 8/34 MP: 8/8
  1042 | D:4      | Reached XP level 5. HP: 10/40 MP: 9/9
  1342 | D:4      | Noticed a phantom
  1388 | D:4      | HP: 9/40 [phantom (2)]
  1400 | D:4      | HP: 3/40 [phantom (7)]
  1402 | D:4      | Slain by a phantom

Skill      XL: |  1  2  3 |
---------------+----------+-----
Invocations    | 1 |  1.4
Short Blades   | 1 |  1.3
Long Blades    | 1 |  1.3
Maces & Flails | 1 |  1.3
Polearms       | 1 |  1.3
Staves         | 1 |  1.3
Slings         | 1 |  1.3
Bows           | 1 |  1.3
Crossbows      | 1 |  1.3
Throwing       | 1 |  1.3
Dodging        | 1 |  1.3
Stealth        | 1 |  1.3
Unarmed Combat | 1 |  1.3
Spellcasting   | 3 |  3.1
Hexes          | 1 |  1.0
Charms         | 1 |  1.0
Summonings     | 1 |  1.0
Necromancy     | 1 |  1.0
Translocations | 1 |  1.0
Transmutations | 1 |  1.0
Fire Magic     | 1 |  1.0
Ice Magic      | 1 |  1.0
Air Magic      | 1 |  1.0
Earth Magic    | 1 |  1.0
Poison Magic   | 1 |  1.0
Evocations     | 1 |  1.3
Fighting       | |  2.8
Axes           | |  4.7
Armour         | |  4.7
Shields        | |  4.7
Conjurations   | |  3.9

Action                   |  1- 3 |  4- 6 || total
-------------------------+-------+-------++-------
Melee: Club              |    70 |       ||    70
       Bite              |    12 |     4 ||    16
       Hand axe          |    65 |    21 ||    86
 Cast: Magic Dart        |     5 |     4 ||     9
       Call Imp          |       |     2 ||     2
  Eat: Chunk             |       |     1 ||     1
Armor: Ring mail         |    67 |     7 ||    74
Dodge: Dodged            |    89 |     7 ||    96

Levels and vault maps discovered:
D:1:      roderic_dead_forest, layout_basic
D:2:      layout_rooms, lemuel_coloured_pillars_altar,
          nicolae_gozag_seed_capital, chequers_ecumenical_altar_simple
D:4:      layout_loops_ring, first_ration

Table legend:
 A = Turns spent in this place as a percentage of turns spent in the entire game.
 B = Non-inter-level travel turns spent in this place as a percentage of non-inter-level travel turns spent in the entire game.
 C = Inter-level travel turns spent in this place as a percentage of turns spent in this place.
 D = Turns resting spent in this place as a percentage of non-inter-level travel turns spent in this place.
 E = Turns spent auto-exploring this place as a percentage of non-inter-level travel turns spent in this place.
 F = Non-inter-level travel turns spent in this place divided by the number of levels of this place that you've seen.
                   A       B       C       D       E      F
               +-------+-------+-------+-------+-------+----------------------
         Total | 100.0 | 100.0 |   3.1 |  36.2 |  41.2 | 453.0
       Dungeon | 100.0 | 100.0 |   3.1 |  36.2 |  41.2 | 453.0
               +-------+-------+-------+-------+-------+----------------------

Table legend:
 A = Kills in this place as a percentage of kills in entire the game.
 B = Kills by you in this place as a percentage of kills by you in the entire game.
 C = Kills by friends in this place as a percentage of kills by friends in the entire game.
 D = Other kills in this place as a percentage of other kills in the entire game.
 E = Experience gained in this place as a percentage of experience gained in the entire game.
 F = Experience gained in this place divided by the number of levels of this place that you have seen.
                   A       B       C       D       E      F
               +-------+-------+-------+-------+-------+----------------------
         Total | 100.0 | 100.0 |   N/A |   N/A | 100.0 |  59.7
       Dungeon | 100.0 | 100.0 |   N/A |   N/A | 100.0 |  59.7
               +-------+-------+-------+-------+-------+----------------------
